 Dungeon Crawl Stone Soup version 0.17.1-3-g152610e (webtiles) character file.

55 jacquesderrida the Grave Robber (level 3, -5/28 HPs)
             Began as a Demonspawn Necromancer on Mar 21, 2016.
             Slain by a giant frog (8 damage)
             ... in a sewer.
             The game lasted 00:06:16 (1257 turns).

jacquesderrida the Grave Robber (DsNe)              Turns: 1257, Time: 00:06:16

Health: -5/28      AC:  3    Str: 13      XL:     3   Next: 67%
Magic:  15/15      EV:  9    Int: 13 (16) God:
Gold:   82         SH:  0    Dex: 13      Spells: 1 memorised, 5 levels left

rFire  . . .     SeeInvis .       - Unarmed
rCold  . . .     Clarity  .     a - +0 robe
rNeg   . . .     SustAt   .     (no shield)
rPois  .         Gourm    .     (helmet restricted)
rElec  .         Spirit   .     g - +0 cloak
rCorr  .         Warding  .     (no gloves)
rMut   .         Stasis   .     (no boots)
MR     .....                    (no amulet)
Stlth  +.........               n - +4 ring of strength
                                d - ring of magical power

@: lethally poisoned (-5 -> -17), constricted, not resistant to hostile
enchantments, very unstealthy
A: antennae 1
a: no special abilities


You were in a sewer.
You were not hungry.

You visited 1 branch of the dungeon, and saw 4 of its levels.
You also visited: Sewer.

You collected 82 gold pieces.

Inventory:

Hand Weapons
 h - a +0 hand axe
Armour
 a - a +0 robe (worn)
 g - a +0 cloak (worn)
 j - a cursed +0 ring mail
Jewellery
 d - a ring of magical power (left hand)
 n - a +4 ring of strength (right hand)
Scrolls
 e - a scroll of remove curse
 m - a scroll of amnesia
Potions
 i - 2 potions of agility {unknown}
 l - 4 potions of curing
Books
 b - a book of Necromancy

   Spells                             Type                      Level
   a - Pain                           Necromancy                   1
   b - Animate Skeleton               Necromancy                   1
   c - Vampiric Draining              Necromancy                   3
   d - Regeneration                   Charms/Necromancy            3
   e - Animate Dead                   Necromancy                   4
   f - Control Undead                 Necromancy                   4
Comestibles
 c - a bread ration


   Skills:
 + Level 2.4 Fighting
 - Level 1.7 Dodging
 - Level 1.7 Stealth
 + Level 1.3 Unarmed Combat
 - Level 2.0 Spellcasting
 - Level 4.7 Necromancy


You had 5 spell levels left.
You knew the following spells:

 Your Spells              Type           Power        Failure   Level  Hunger
a - Pain                  Necr           ##..         4%          1    ##.....


Dungeon Overview and Level Annotations

Branches:
Dungeon (4/15)
 Temple: D:4-7

Altars:


Innate Abilities, Weirdness & Mutations

You have a pair of small antennae on your head.


Message History

The giant newt bites you but does no damage.
The adder misses you. The giant frog hits you.
* * * LOW HITPOINT WARNING * * *
The ball python closely misses you. The ball python grabs you.
The ball python constricts you.
The giant newt hisses menacingly.
The giant newt closely misses you. The adder bites you.
* * * LOW HITPOINT WARNING * * *
You are lethally poisoned!
The adder poisons you!
The giant frog hits you but does no damage.
The adder bites you.
* * * LOW HITPOINT WARNING * * *
You are more poisoned.
The adder poisons you!
The giant newt bites you but does no damage.
The ball python completely misses you.
* * * LOW HITPOINT WARNING * * *
The ball python constricts you. The giant frog hits you!
You die...

##....##
#......+
#......#
#......#
#.≈.≈..#
#≈≈≈≈≈≈#
#≈≈SF≈≈#
#≈≈lSSS#
#≈SF@S≈#
#≈≈≈≈S≈#
#≈≈≈≈≈≈#
#≈≈≈≈≈≈#
#≈≈≈≈≈≈#
#≈≈≈≈≈≈#
#≈≈≈≈≈≈#
#≈≈≈≈≈≈#


You could see 2 giant frogs, 3 adders, 4 ball pythons and a giant newt.

Vanquished Creatures
  2 adders (D:2)
  A worm (D:2)
  A giant gecko (D:3)
  An orc (D:3)
  3 ball pythons
  A bat (D:1)
  2 hobgoblins
  2 quokkas
  5 goblins
  3 jackals (D:2)
  3 kobolds
  8 rats
32 creatures vanquished.

Notes
Turn   | Place    | Note
--------------------------------------------------------------
     0 | D:1      | jacquesderrida the Demonspawn Necromancer began the quest for the Orb.
     0 | D:1      | Reached XP level 1. HP: 13/13 MP: 3/3
   170 | D:2      | Reached skill level 1 in Fighting
   170 | D:2      | Gained mutation: You have a pair of small antennae on your head. [demonic ancestry]
   170 | D:2      | Reached XP level 2. HP: 4/21 MP: 5/5
   346 | D:2      | Reached XP level 3. HP: 11/27 MP: 6/6
   596 | D:3      | Reached skill level 1 in Unarmed Combat
  1075 | D:4      | Found a glowing drain.
  1079 | Sewer    | Entered a sewer
  1251 | Sewer    | Noticed a giant frog
  1252 | Sewer    | Noticed a giant frog
  1257 | Sewer    | Slain by a giant frog

Action                   || total
-------------------------++-------
Melee: Hand axe          ||    49
       Unarmed           ||    50
 Cast: Pain              ||    34
  Use: Scroll            ||     5
       Potion            ||     2
 Stab: Sleeping          ||     1
  Eat: Chunk             ||     3
